Map: [ESL] Goldenaura

Players

Cham

  • Race: Zerg Zerg
  • Spawn Location: 12:00

SpeCial - Winner!

  • Race: Terran Terran
  • Spawn Location: 5:00

Event: ESL SC2 Masters 2023 Winter (Regional)

VOD

Have the link to the VOD?

Description

Time

  • Played on: Nov. 9, 2023, 1:01 p.m.
  • Length: 10:38

All games in this series

Show
View Real Time Build Order
Export as new Build Order

Cham Zerg 

Build Orders: Pool First 

Get SALT Encoding   

  12  0:00  Drone  
  13  0:12  Overlord  
  13  0:17  Drone  
  14  0:30  Drone  
  14  0:31  Drone  
  16  0:40  Spawning Pool  
  15  0:44  Drone  
  16  0:50  Drone  
  17  1:08  Hatchery  
  16  1:13  Drone  
  16  1:16  Extractor  
  16  1:27  Roach Warren  
  16  1:28  Zergling x2  
  16  1:30  Zergling x2  
  17  1:40  Queen  
  19  1:48  Overlord  
  19  2:06  Roach  
  23  2:08  Roach x2  
  25  2:22  Roach  
  27  2:35  Roach  
  28  2:41  Overlord  
  28  2:43  Drone x3  
  31  2:50  Drone  
  32  2:53  Ravager  
  32  2:57  Drone  
  33  3:00  Drone  
  35  3:05  Drone x2  
  35  3:09  Drone  
  35  3:11  Drone  
  38  3:26  Queen  
  40  3:36  Queen  
  40  3:38  Metabolic Boost  
  40  3:40  Overlord  
  42  3:47  Drone x2  
  44  3:54  Drone  
  44  3:55  Drone x3  
  44  4:02  Overlord  
  42  4:05  Drone  
  42  4:07  Overlord  
  42  4:09  Overlord  
  38  4:19  Zergling x4  
  38  4:24  Hatchery  
  39  4:27  Zergling x2  
  40  4:31  Zergling x4  
  40  4:33  Spore Crawler  
  40  4:34  Spore Crawler  
  40  4:36  Drone  
  40  4:37  Drone  
  42  4:41  Zergling x2  
  42  4:42  Zergling x2  
  42  4:44  Zergling x2  
  45  4:47  Drone  
  45  4:50  Drone x2  
  48  4:55  Lair  
  48  4:57  Extractor  
  47  5:01  Drone x2  
  47  5:03  Drone  
  47  5:06  Drone x2  
  51  5:11  Drone  
  50  5:14  Drone x4  
  50  5:17  Drone  
  50  5:20  Overlord  
  54  5:23  Extractor x2  
  52  5:29  Overlord  
  52  5:31  Queen  
  52  5:37  Zergling x8  
  52  5:38  Overlord  
  52  5:40  Drone  
  54  5:45  Overlord  
  53  5:52  Drone  
  53  5:55  Spire  
  53  5:57  Drone x2  
  53  6:01  Drone x2  
  56  6:04  Overseer  
  56  6:07  Drone x2  
  57  6:11  Overlord  
  57  6:15  Overlord  
  57  6:18  Overlord  
  57  6:20  Drone x2  
  59  6:25  Drone  
  59  6:26  Drone  
  59  6:30  Drone  
  59  6:31  Overlord  
  62  6:33  Drone x3  
  62  6:36  Overlord  
  62  6:39  Drone  
  67  6:40  Drone  
  67  6:44  Overlord  
  67  6:54  Spore Crawler  
  63  7:06  Mutalisk x5  
  63  7:07  Mutalisk x2  
  76  7:14  Drone  
  77  7:16  Mutalisk  
  77  7:19  Extractor  
  77  7:20  Extractor, Drone  
  77  7:21  Drone x7  
  84  7:25  Overlord  
  84  7:27  Overseer  
  84  7:30  Pneumatized Carapace, Overlord  
  84  7:31  Mutalisk  
  86  7:40  Mutalisk  
  86  7:42  Zergling x8  
  86  7:43  Zergling x4  
  94  7:46  Overlord  
  94  7:47  Mutalisk  
  96  7:55  Drone x5  
  99  8:01  Mutalisk  
  101  8:05  Overlord  
  101  8:07  Hatchery  
  100  8:13  Overlord  
  100  8:16  Overlord  
  100  8:18  Glial Reconstitution  
  100  8:19  Drone x2  
  102  8:22  Roach x2, Evolution Chamber  
  102  8:24  Evolution Chamber  
  104  8:31  Roach  
  104  8:32  Roach x4  
  112  8:34  Roach  
  112  8:37  Roach  
  112  8:38  Roach  
  120  8:41  Roach x2  
  120  8:47  Roach x3  
  120  8:48  Roach  
  130  8:50  Roach  
  130  8:53  Roach x2  
  130  8:55  Roach  
  130  8:57  Roach  
  130  8:59  Ravager  
  130  9:00  Ravager  
  130  9:01  Roach x2  
  122  9:04  Roach  
  122  9:05  Roach  
  122  9:07  Roach  
  116  9:10  Roach  
  116  9:12  Roach  
  116  9:15  Roach  
  111  9:18  Roach  
  111  9:21  Roach  
  111  9:23  Roach  
  113  9:26  Roach  
  113  9:29  Roach  
  110  9:36  Roach x2  
  110  9:38  Roach  
  89  9:41  Roach  
  81  9:51  Drone x3  
  76  9:53  Drone x4  
  76  9:54  Drone  
  76  9:58  Drone x2  
  76  9:59  Drone  
  84  10:06  Drone x3  
  88  10:07  Drone  
  88  10:09  Drone  
  88  10:12  Ravager  
  88  10:13  Ravager  
  92  10:14  Drone x2  
  92  10:20  Drone x4  
Show
View Real Time Build Order
Export as new Build Order

SpeCial Terran - Winner!

Build Orders: Cyclone Opening 

Get SALT Encoding   

  12  0:00  SCV  
  13  0:12  SCV  
  14  0:17  Supply Depot  
  14  0:24  SCV  
  15  0:38  SCV  
  15  0:39  Barracks  
  16  0:43  Refinery  
  16  0:51  SCV  
  16  0:53  Refinery  
  17  1:03  SCV  
  18  1:15  SCV  
  19  1:26  Reaper  
  19  1:28  Orbital Command, Supply Depot  
  20  1:43  Factory  
  20  1:54  SCV  
  20  1:58  Reaper  
  22  2:06  SCV  
  23  2:24  Command Center, SCV  
  22  2:32  Marine  
  22  2:36  SCV  
  23  2:41  Cyclone  
  23  2:43  Bunker  
  25  2:51  Marine  
  26  2:56  Starport  
  25  3:02  SCV  
  26  3:08  Marine  
  27  3:14  SCV  
  27  3:15  Cyclone  
  30  3:27  SCV  
  31  3:28  Supply Depot  
  31  3:39  Starport Tech Lab  
  31  3:50  SCV  
  30  4:00  Cyclone  
  32  4:06  Cloaking Field  
  32  4:07  Banshee  
  32  4:09  SCV  
  35  4:13  Barracks Reactor  
  34  4:21  SCV  
  35  4:24  Orbital Command  
  35  4:37  SCV  
  36  4:43  Supply Depot  
  36  4:49  SCV  
  36  4:51  SCV  
  38  4:52  Command Center  
  38  4:53  Banshee  
  41  5:01  SCV  
  41  5:03  SCV  
  43  5:12  Hellion x2  
  43  5:13  Supply Depot  
  45  5:18  SCV x2  
  45  5:19  Marine  
  46  5:30  SCV x2, Supply Depot  
  48  5:40  Banshee  
  48  5:42  SCV x2  
  55  5:45  Cyclone x2  
  55  5:54  SCV x2  
  57  6:00  Factory x2  
  57  6:05  Refinery  
  57  6:06  SCV  
  57  6:07  SCV  
  57  6:09  Orbital Command  
  59  6:17  Hellion  
  59  6:18  Barracks Reactor, Hellion, SCV  
  63  6:19  SCV  
  65  6:30  SCV  
  65  6:31  SCV  
  67  6:34  Refinery  
  67  6:36  SCV  
  67  6:38  Engineering Bay  
  67  6:39  Supply Depot  
  68  6:41  Orbital Command  
  68  6:42  Cyclone x2  
  68  6:43  SCV  
  68  6:45  Supply Depot  
  74  6:47  SCV  
  74  6:53  Cyclone  
  74  6:54  Hurricane Engines  
  76  6:55  SCV  
  77  7:01  SCV  
  77  7:07  SCV  
  79  7:09  Missile Turret  
  79  7:13  Missile Turret  
  79  7:14  Missile Turret  
  79  7:16  Cyclone x2  
  79  7:20  Cyclone x2  
  79  7:22  Starport Tech Lab  
  87  7:25  SCV x2  
  87  7:26  SCV  
  90  7:33  Refinery x2  
  90  7:34  Cyclone  
  92  7:37  SCV x2  
  92  7:38  SCV  
  92  7:41  Missile Turret  
  92  7:43  Raven  
  94  7:48  Cyclone  
  94  7:49  Cyclone, SCV x2  
  94  7:50  SCV  
  95  7:52  Missile Turret  
  95  7:55  Cyclone x2  
  99  8:00  Armory  
  99  8:03  SCV x2  
  101  8:07  Supply Depot  
  101  8:11  Factory  
  101  8:16  Supply Depot  
  101  8:17  Factory  
  101  8:21  Cyclone  
  101  8:25  Cyclone x2  
  104  8:27  SCV  
  104  8:29  SCV  
  104  8:32  Cyclone  
  93  8:42  Cyclone  
  87  8:53  Cyclone  
  85  8:57  Cyclone x2  
  85  9:00  Cyclone  
  91  9:03  Orbital Command  
  91  9:04  Cyclone  
  91  9:06  Starport Tech Lab  
  93  9:10  SCV  
  93  9:13  SCV  
  93  9:16  Cyclone  
  97  9:22  SCV  
  98  9:26  Cyclone  
  98  9:27  SCV  
  98  9:29  Cyclone x2  
  105  9:33  SCV  
  105  9:34  SCV  
  102  9:39  Banshee, SCV  
  99  9:45  SCV  
  99  9:47  SCV  
  99  9:51  SCV  
  99  9:52  Cyclone  
  89  9:53  Cyclone x2  
  89  9:57  SCV  
  89  9:59  SCV  
  89  10:03  SCV  
  89  10:05  Hellion x2  
  94  10:10  SCV, Refinery x2  
  94  10:11  SCV  
  96  10:15  SCV  
  97  10:22  SCV  
  97  10:23  SCV  
Tags
 
Add a new tag
Caveats
  • Supply blocks, unpowered buildings, or Contaminate may cause inaccurate times.
  • Supply counts are checked every 10 seconds.